[Event "Vaujany Principal"]
[Site "Villaz"]
[Date "2012.07.19"]
[Round "8.22"]
[White "Hourlier, Claire"]
[Black "Houard, Sebastien"]
[Result "0-1"]
[ECO "C23"]
[WhiteElo "1964"]
[BlackElo "2089"]
[Annotator "Jean-pierre,LEES"]
[PlyCount "48"]
[SourceDate "2012.07.12"]
[WhiteTeamCountry "IND"]
[BlackTeamCountry "URS"]
[TimeControl "240+2"]

{1024MB, Fritz8.ctg
} 1. e4 e5 2. Bc4 Nc6 3. d3 Bc5 4. Nc3 d6 5. f4 Nf6 6. f5
Na5 7. Bb3 Nxb3 8. axb3 d5 9. exd5 Nxd5 10. Qe2 O-O 11. Nxd5 Qxd5 12. f6 Bf5
13. Be3 Bb4+ 14. Bd2 Bxd2+ 15. Qxd2 gxf6 16. O-O-O a5 17. Qf2 Bg6 18. Ne2 b5
19. Nc3 Qc6 20. g4 a4 21. h4 h6 22. Rdf1 axb3 23. h5 Bh7 24. Qxf6 Ra1+ {
25 Rd2 Dxf6 26 Txf6 Txh1} 0-1

[Event "Vaujany Principal"]
[Site "Villaz"]
[Date "2012.07.19"]
[Round "8.21"]
[White "Vledouts"]
[Black "Delorme, Laurie"]
[Result "*"]
[ECO "A28"]
[WhiteElo "2035"]
[BlackElo "2171"]
[Annotator "Jean-pierre,LEES"]
[PlyCount "83"]
[SourceDate "2012.07.12"]
[WhiteTeamCountry "IND"]
[BlackTeamCountry "URS"]
[TimeControl "240+2"]

{1024MB, Fritz8.ctg
} 1. c4 e5 2. Nc3 Nf6 3. Nf3 Nc6 4. e3 Bb4 5. Qc2 O-O 6.
Nd5 Re8 7. Qf5 d6 8. Nxf6+ gxf6 9. Qh5 e4 10. Nd4 Re5 11. Qh4 d5 12. a3 Bf8 13.
Nxc6 bxc6 14. b3 (14. h3 Rg5 15. f3 Rb8 16. fxe4 Rg4) 14... Rg5 15. f3 Rb8 16.
fxe4 Rg4 17. Qf2 Rxb3 18. exd5 cxd5 19. Be2 Rg5 20. cxd5 Qxd5 21. O-O Bd6 22.
d4 Rf5 23. Bf3 Qe6 24. e4 Rfxf3 25. gxf3 Ba6 26. Qg2+ Kf8 27. Bh6+ Ke7 28. Rfb1
Rd3 29. e5 (29. Rb8 $142) 29... fxe5 30. dxe5 Bc5+ 31. Kh1 Qxh6 32. Rd1 Rxd1+
33. Rxd1 Bb7 34. Qg4 Bc6 35. h3 Bxa3 36. Kh2 f6 37. exf6+ Qxf6 38. Re1+ Kf7 39.
Qc4+ Kf8 40. Re6 Bd6+ 41. Kg1 Qg5+ 42. Kf2 *

[Event "Vaujany Principal"]
[Site "Villaz"]
[Date "2012.07.19"]
[Round "8.25"]
[White "Abdesselem, A."]
[Black "Soyer, Jean-Yves"]
[Result "0-1"]
[ECO "B92"]
[WhiteElo "1875"]
[BlackElo "2056"]
[Annotator "Jean-pierre,LEES"]
[PlyCount "88"]
[SourceDate "2012.07.12"]
[WhiteTeamCountry "IND"]
[BlackTeamCountry "URS"]
[TimeControl "240+2"]

{1024MB, Fritz8.ctg
} 1. e4 c5 2. Nf3 d6 3. d4 cxd4 4. Nxd4 Nf6 5. Nc3 a6 6.
Be2 e5 7. Nb3 Be7 8. Be3 Be6 9. Nd5 Nbd7 10. Qd3 Rc8 11. O-O Bxd5 12. exd5 Nb6
13. Na5 Qc7 14. Bxb6 Qxb6 15. Nc4 Qc7 16. a4 O-O 17. Ne3 g6 18. a5 Nd7 19. b4
f5 20. c4 e4 21. Qb1 Bf6 22. Ra3 Be5 23. f4 exf3 24. Rxf3 Rce8 25. Qd3 Bb2 26.
Rb3 Ne5 27. Qd2 Nxf3+ 28. Bxf3 Be5 29. Qd3 Qg7 30. Nc2 g5 31. b5 g4 32. Bd1 f4
33. c5 dxc5 34. bxa6 bxa6 35. Qxa6 f3 36. g3 Qg5 37. Qd3 f2+ 38. Kf1 Qh6 39. h4
gxh3 40. Rb6 Qg5 41. d6 Qxg3 42. Qxg3+ Bxg3 43. d7 Re1+ 44. Nxe1 fxe1=Q# 0-1

[Event "Vaujany Principal"]
[Site "Villaz"]
[Date "2012.07.19"]
[Round "8.26"]
[White "N'Guyen, Emilien"]
[Black "Weisz, Jacques"]
[Result "1-0"]
[ECO "D06"]
[WhiteElo "2027"]
[BlackElo "1809"]
[Annotator "Jean-pierre,LEES"]
[PlyCount "113"]
[SourceDate "2012.07.12"]
[WhiteTeamCountry "IND"]
[BlackTeamCountry "URS"]
[TimeControl "240+2"]

{1024MB, Fritz8.ctg
} 1. d4 d5 2. c4 Nf6 3. cxd5 Nxd5 4. Nf3 e6 5. e4 Nf6 6.
Nc3 Be7 7. Bc4 c6 8. O-O O-O 9. Bg5 Nbd7 10. e5 Nd5 11. Bxd5 Bxg5 12. Nxg5 Qxg5
13. f4 Qe7 14. Be4 f5 15. Bc2 Nb6 16. Rb1 Bd7 17. b4 Nd5 18. Nxd5 cxd5 19. Qd2
Rac8 20. Rfc1 Rc7 21. Bd3 Rfc8 22. Rc5 b6 23. Rxc7 Rxc7 24. Rb3 Qd8 25. Rc3
Rxc3 26. Qxc3 Qc8 27. Qa3 Qc7 28. b5 Bc8 29. Kf2 Kf7 30. Ke3 Bd7 31. Kd2 Bc8
32. h3 Qe7 33. Qc3 Bb7 34. Be2 g5 35. g4 gxf4 36. gxf5 exf5 37. a3 Ke6 38. Qf3
Qg5 39. Qh5 Qg6 40. Qh4 Kd7 41. Qxf4 Ke6 42. h4 h6 43. Qf3 Qg1 44. Qe3 Qg7 45.
Qc3 Qe7 46. Qg3 Qf7 47. h5 Bc8 48. Qg6+ Qxg6 49. hxg6 Bd7 50. Ke3 Be8 51. Bh5
Ke7 52. g7 Bf7 53. Kf4 Ke6 54. Bg6 Bg8 55. a4 Ke7 56. Kxf5 Be6+ 57. Kf4 1-0

[Event "Vaujany Principal"]
[Site "Villaz"]
[Date "2012.07.19"]
[Round "8.27"]
[White "Adam, Gyorgy Sr"]
[Black "Petrone"]
[Result "1/2-1/2"]
[ECO "B85"]
[WhiteElo "2066"]
[BlackElo "1930"]
[Annotator "Jean-pierre,LEES"]
[PlyCount "118"]
[SourceDate "2012.07.12"]
[WhiteTeamCountry "IND"]
[BlackTeamCountry "URS"]
[TimeControl "240+2"]

{1024MB, Fritz8.ctg
} 1. e4 c5 2. Nf3 d6 3. d4 cxd4 4. Nxd4 Nf6 5. Nc3 a6 6. a4
e6 7. Be2 Nc6 8. Be3 Be7 9. Nb3 b6 10. O-O O-O 11. f4 Qc7 12. Bf3 Bb7 13. Qd2
Nd7 14. Qf2 Nc5 15. Rfd1 Rab8 16. Nd4 Nd7 17. Nce2 Nf6 18. Ng3 Rfc8 19. c3 Nxd4
20. Bxd4 Bc6 21. Re1 Qb7 22. Kh1 Nd7 23. Qc2 Bf6 24. Rad1 Rd8 25. Bf2 Nc5 26.
b3 g6 27. c4 a5 28. Re3 d5 29. cxd5 exd5 30. e5 Bg7 31. Rc3 Na6 32. Bd4 Nb4 33.
Qb1 Rdc8 34. Rdc1 Bh6 35. Ne2 Bd7 36. g4 Rxc3 37. Rxc3 Rc8 38. Qb2 b5 39. g5
Bf8 40. Rxc8 Bxc8 41. Nc3 bxa4 42. bxa4 Nc6 43. Qxb7 Bxb7 44. Bb6 d4 45. Bxd4
Nxd4 46. Bxb7 h6 47. h4 Nf5 48. Be4 Nxh4 49. gxh6 Bxh6 50. Nd5 Bg7 51. Kh2 g5
52. Kg3 Ng6 53. Bxg6 gxf4+ 54. Kxf4 fxg6 55. e6 Bb2 56. Ne7+ Kg7 57. Nc6 Kf6
58. e7 Kf7 59. Nxa5 Kxe7 1/2-1/2

[Event "Vaujany Principal"]
[Site "Villaz"]
[Date "2012.07.19"]
[Round "8.29"]
[White "Van Foreest, Lucas"]
[Black "Brest, Jean-Francois"]
[Result "0-1"]
[ECO "D44"]
[WhiteElo "1969"]
[BlackElo "2046"]
[Annotator "Jean-pierre,LEES"]
[PlyCount "38"]
[SourceDate "2012.07.12"]
[WhiteTeamCountry "IND"]
[BlackTeamCountry "URS"]
[TimeControl "240+2"]

{1024MB, Fritz8.ctg
} 1. d4 d5 2. c4 c6 3. Nc3 Nf6 4. Nf3 e6 5. Bg5 dxc4 6. e4
b5 7. e5 h6 8. Bh4 g5 9. Nxg5 hxg5 10. Bxg5 Nbd7 {
La grande ligne du gambit Botvinnik} 11. exf6 ({l'autre option est} 11. g3 Bb7
(11... Qa5 12. exf6) (11... Rg8 12. h4 Rxg5 13. hxg5 Nd5 14. g6 fxg6 15. Qg4
Qe7) 12. Bg2 Qb6 13. exf6 O-O-O 14. O-O c5) 11... Qb6 (11... Bb7 {
est le coup habituel} 12. g3 c5 13. d5 Qb6 (13... exd5 14. Qe2+) (13... Bxd5
14. Nxd5 exd5 15. Qe2+) 14. Bg2) 12. Be2 (12. g3 Bb7 13. Bg2 O-O-O 14. O-O c5
15. d5 b4 16. Na4 Qb5 17. a3 exd5 18. axb4 cxb4 19. Be3 Nc5) 12... Bb7 13. Bf3
c5 14. d5 O-O-O 15. O-O Ne5 16. a4 b4 17. a5 Qc7 18. Bf4 bxc3 19. bxc3 Bd6 0-1

[Event "Vaujany Principal"]
[Site "Villaz"]
[Date "2012.07.19"]
[Round "8.30"]
[White "Hodot, Yves"]
[Black "Borderie, David"]
[Result "0-1"]
[ECO "B00"]
[WhiteElo "1915"]
[BlackElo "1986"]
[Annotator "Jean-pierre,LEES"]
[PlyCount "72"]
[SourceDate "2012.07.12"]
[WhiteTeamCountry "IND"]
[BlackTeamCountry "URS"]
[TimeControl "240+2"]

{1024MB, Fritz8.ctg
} 1. e4 Nc6 2. d4 d5 3. e5 (3. Nc3 e6 4. Nf3) 3... Bf5 4.
Nc3 e6 5. g4 Bg6 6. a3 h5 7. Nge2 hxg4 8. Ng3 Nh6 9. Nce2 Nf5 10. Nxf5 Bxf5 11.
Ng3 Bg6 12. Be3 Rh4 13. Qd2 Be7 14. b4 Nb8 15. Bg2 Nd7 16. c4 Nb6 17. cxd5 Nxd5
18. O-O c6 19. b5 cxb5 20. Ne2 Rc8 21. Rfc1 Rxc1+ 22. Rxc1 Bf5 23. Nc3 Nxe3 24.
fxe3 Qa5 25. Bxb7 Bxa3 26. Bc6+ Kf8 27. Ra1 Qb4 28. e4 Bb2 29. Rxa7 Kg8 30.
Ra8+ Kh7 31. Qf2 (31. exf5 Bxc3) 31... g3 32. hxg3 Bxc3 33. Qc2 Bxd4+ 34. Kg2
Qe1 35. gxh4 Qg1+ 36. Kf3 Qg4# 0-1

[Event "Vaujany Principal"]
[Site "Villaz"]
[Date "2012.07.19"]
[Round "8.31"]
[White "Bach, Anatole"]
[Black "Devoille, Hugo"]
[Result "1/2-1/2"]
[ECO "B47"]
[WhiteElo "2052"]
[BlackElo "1927"]
[Annotator "Jean-pierre,LEES"]
[PlyCount "100"]
[SourceDate "2012.07.12"]
[WhiteTeamCountry "IND"]
[BlackTeamCountry "URS"]
[TimeControl "240+2"]

{1024MB, Fritz8.ctg
} 1. e4 c5 2. Nf3 e6 3. d4 cxd4 4. Nxd4 Nc6 5. Nc3 Qc7 6.
Be2 Nf6 7. O-O a6 8. Kh1 Nxd4 9. Qxd4 Bc5 10. Qd3 b5 11. f4 Bb7 12. Bf3 O-O 13.
e5 Ne8 14. Bxb7 Qxb7 {jusqu'ici on suit la theorie...} 15. Ne4 (15. f5 f6 16.
Bf4 exf5) 15... Be7 16. a4 (16. f5 f6 17. Bd2 fxe5 18. fxe6 dxe6 19. Rxf8+ Bxf8
20. Rf1 Qd5 21. Qh3 Nd6 22. Ng5 h6) 16... f5 17. Ng5 b4 18. c4 bxc3 19. bxc3
Qc6 20. Rd1 Rd8 21. Be3 d5 22. Rdb1 Bxg5 23. fxg5 Rc8 24. Bd4 Nc7 25. Rb6 Qe8
26. Bc5 Na8 27. Bxf8 Nxb6 28. Qxa6 Rxc3 29. Qxb6 Rc6 30. Qb2 Kxf8 31. a5 Qa8
32. h4 Rc4 33. Qf2 Rc6 34. Kh2 Qb8 35. Qe1 Rc4 36. a6 Rxh4+ 37. Qxh4 Qxe5+ 38.
Qg3 Qxa1 39. Qb8+ Kf7 40. g6+ hxg6 41. a7 Qa4 $11 42. Qc7+ Kf6 43. Qd8+ Kf7 44.
a8=Q Qf4+ 45. Kg1 Qc1+ 46. Kf2 Qd2+ 47. Kg3 Qe3+ 48. Kh4 Qf4+ 49. Kh3 Qg4+ 50.
Kh2 Qf4+ 1/2-1/2

[Event "Vaujany Principal"]
[Site "Villaz"]
[Date "2012.07.19"]
[Round "8.33"]
[White "Laehnwitz, Alexander"]
[Black "Dubois, Herve"]
[Result "1-0"]
[ECO "B26"]
[WhiteElo "2031"]
[BlackElo "1854"]
[Annotator "Jean-pierre,LEES"]
[PlyCount "59"]
[SourceDate "2012.07.12"]
[WhiteTeamCountry "IND"]
[BlackTeamCountry "URS"]
[TimeControl "240+2"]

{1024MB, Fritz8.ctg
} 1. e4 c5 2. Nc3 d6 3. g3 g6 4. d3 Bg7 5. Bg2 Nc6 6. Be3
Rb8 7. Qd2 Nd4 8. Nd1 b5 9. c3 Nc6 10. f4 e5 11. Ne2 Nge7 12. O-O O-O 13. f5 f6
(13... gxf5 14. exf5 Bxf5 15. Bxc6 d5 16. Bxc5) 14. fxg6 hxg6 15. Bh6 Bd7 16.
Bxg7 Kxg7 17. Ne3 Rh8 18. Rf2 Qa5 19. Raf1 Rbf8 20. b3 Ng8 21. g4 Nce7 22. Ng3
Qd8 23. g5 Qc8 24. d4 f5 25. exf5 gxf5 26. dxe5 dxe5 27. Qd6 e4 (27... f4 $4
28. Qxe5+) (27... Rh4 28. Be4 Rxe4 29. Nxe4 Ng6 30. Nxc5) 28. Bxe4 f4 29. Rxf4
Qb8 30. Rxf8 1-0

[Event "Vaujany Principal"]
[Site "Villaz"]
[Date "2012.07.19"]
[Round "8.34"]
[White "Trin, Pierre"]
[Black "Michel, Stephan"]
[Result "1/2-1/2"]
[ECO "B06"]
[WhiteElo "1858"]
[BlackElo "1989"]
[Annotator "Jean-pierre,LEES"]
[PlyCount "63"]
[SourceDate "2012.07.12"]
[WhiteTeamCountry "IND"]
[BlackTeamCountry "URS"]
[TimeControl "240+2"]

{1024MB, Fritz8.ctg
} 1. e4 g6 2. d4 Bg7 3. Nc3 d6 4. Be3 a6 5. a4 b6 6. Nf3
Nd7 7. Be2 e6 8. O-O h6 9. e5 dxe5 10. dxe5 Nxe5 11. Qxd8+ Kxd8 12. Rad1+ Ke7
13. Bd4 f6 (13... Nxf3+ 14. Bxf3 Bxd4 15. Bxa8 Bxc3 16. bxc3 Bd7 17. Ra1 Nf6
18. Bf3 a5 19. Rfe1) 14. Nh4 Kf7 15. Bxe5 fxe5 16. f4 (16. Bd3 Ne7 17. Be4 Rb8)
16... exf4 17. Rxf4+ Nf6 18. Ne4 e5 19. Bc4+ Be6 20. Rd7+ Ke8 {Diagramme #} 21.
Nxf6+ $6 (21. Rxg7 $142 Nxe4 (21... exf4 22. Nxf6+ Kf8 23. Rxc7 Rg8 (23... Bxc4
24. Nxg6#) 24. Bxe6 Rg7 25. Nxg6+ Rxg6 26. Rf7#) 22. Rxe4 Bxc4 23. Rxc4) 21...
Bxf6 22. Rxf6 Kxd7 23. Bxe6+ Ke7 24. Rxg6 Kd6 25. b4 (25. Nf5+ Kc5 26. c3 Rad8
27. Ba2 (27. b4+ Kc6 28. Bc4+ Kb7) 27... a5) 25... e4 26. c4 (26. Bb3+ Kd7 27.
Bd5 Raf8 28. Bxe4 Rf4 29. Rg7+ Ke8 30. Ng6 Rxe4 31. Nxh8) 26... Ke5 27. Bd5
Rae8 28. Rg4 Kd4 29. Nf5+ Kd3 30. Ng3 e3 31. Be4+ Kc3 (31... Kxc4 32. Bg6+ Kb3
33. Bxe8 Rxe8 34. Kf1 Kxa4 35. Ke2 Re5 36. Rc4) 32. b5 1/2-1/2

[Event "Vaujany Principal"]
[Site "Vaujany"]
[Date "2012.07.20"]
[Round "9.3"]
[White "Roos, Daniel"]
[Black "Epishin, Vladimir"]
[Result "0-1"]
[ECO "A46"]
[WhiteElo "2383"]
[BlackElo "2567"]
[PlyCount "108"]
[EventDate "2012.07.07"]
[SourceDate "2012.07.12"]
[WhiteTeamCountry "IND"]
[BlackTeamCountry "URS"]
[TimeControl "240+2"]

{1024MB, Fritz8.ctg} 1. d4 Nf6 2. Nf3 e6 3. g3 b5 4. Bg2 d5 5. O-O Nbd7 6. Nbd2
Be7 7. a4 b4 8. c4 bxc3 9. bxc3 O-O 10. Re1 Rb8 11. Qc2 c5 12. e4 dxe4 13. Nxe4
Nxe4 14. Qxe4 Bb7 15. Qe2 Nf6 16. Bf4 Bd6 17. Be5 cxd4 18. Bxd4 Qe7 19. Rab1
Bc5 20. Ne5 Bxd4 21. cxd4 Bxg2 22. Kxg2 Qd6 23. Nf3 h6 24. Rec1 Rxb1 25. Rxb1
Rc8 26. Qe5 Qc6 27. Rb8 Nd5 28. Rxc8+ Qxc8 29. a5 Qa6 30. Qe1 Qb5 31. Ne5 f6
32. Nf3 Kf7 33. Kg1 Qd3 34. Kg2 g5 35. h3 h5 36. Qd2 Qe4 37. Qe1 Qxe1 38. Nxe1
Nb4 39. Kf3 Nc6 40. Ke4 Nxa5 41. d5 Nb3 42. h4 a5 43. hxg5 fxg5 44. Nf3 exd5+
45. Kxd5 Kf6 46. Ne5 Nd2 47. Kd4 a4 48. Nd3 Kf5 49. Kc3 Nf3 50. Nb2 h4 51. gxh4
gxh4 52. Nd1 a3 53. Ne3+ Kf4 54. Nf1 h3 0-1

[Event "Vaujany Principal"]
[Site "Vaujany"]
[Date "2012.07.20"]
[Round "9.4"]
[White "Serafimov, Tervel"]
[Black "Riff, Jean-Noel"]
[Result "1-0"]
[ECO "A16"]
[WhiteElo "2425"]
[BlackElo "2500"]
[PlyCount "125"]
[EventDate "2012.07.07"]
[SourceDate "2012.07.12"]
[WhiteTeamCountry "IND"]
[BlackTeamCountry "URS"]
[TimeControl "240+2"]

{1024MB, Fritz8.ctg} 1. g3 Nf6 2. Bg2 g6 3. c4 d5 4. cxd5 Nxd5 5. Nc3 Nb6 6. d3
Bg7 7. Be3 O-O 8. Qc1 Nc6 9. h4 Nd4 10. h5 Re8 11. hxg6 fxg6 12. Nf3 Nf5 13.
Bg5 c6 14. Nh4 Nd4 15. Bh6 Bh8 16. Nf3 Nf5 17. g4 Nd4 18. Nxd4 Qxd4 19. Be3 Qb4
20. a3 Qb3 21. g5 Bf5 22. Rh4 Rad8 23. Kf1 Rf8 24. Kg1 Be5 25. Bc5 Rf7 26. Rb4
Qe6 27. Qe3 Rdf8 28. Rf1 Re8 29. a4 Bxc3 30. Qxe6 Bxe6 31. bxc3 Bc8 32. Bxb6
axb6 33. Rxb6 Rf5 34. f4 Ra5 35. Rb4 e5 36. e3 exf4 37. exf4 c5 38. Rb5 Rxa4
39. Rxc5 Bf5 40. d4 b6 41. Rxf5 gxf5 42. Bc6 Raa8 43. Bxe8 Rxe8 44. Kf2 Re6 45.
Rb1 h6 46. gxh6 Rxh6 47. Ke3 Rh3+ 48. Kd2 Rf3 49. Rxb6 Kf7 50. d5 Rxf4 51. Kd3
Rf1 52. c4 f4 53. Kd4 f3 54. Kc5 Ke7 55. Rb7+ Kf6 56. Kd6 Kf5 57. c5 Rh1 58.
Rf7+ Ke4 59. Kc6 Rh5 60. d6 Kd4 61. Rf4+ Ke3 62. Rxf3+ Kxf3 63. d7 1-0

[Event "Vaujany Principal"]
[Site "Vaujany"]
[Date "2012.07.20"]
[Round "9.5"]
[White "Kantans, Toms"]
[Black "Foisor, Cristina"]
[Result "1-0"]
[ECO "C45"]
[WhiteElo "2354"]
[BlackElo "2401"]
[PlyCount "87"]
[EventDate "2012.07.07"]
[SourceDate "2012.07.12"]
[WhiteTeamCountry "IND"]
[BlackTeamCountry "URS"]
[TimeControl "240+2"]

{1024MB, Fritz8.ctg} 1. e4 e5 2. Nf3 Nc6 3. d4 exd4 4. Nxd4 Nf6 5. Nxc6 bxc6 6.
e5 Qe7 7. Qe2 Nd5 8. c4 Nb6 9. Nc3 a5 10. Qe4 Qe6 11. f4 g6 12. Bd3 Ba6 13. b3
Bg7 14. Ba3 Bb7 15. O-O d6 16. Qe1 O-O 17. c5 dxc5 18. Ne4 Rfe8 19. Nxc5 Qe7
20. Qf2 Bc8 21. Rae1 Nd5 22. f5 Bxf5 23. Bxf5 gxf5 24. Qxf5 Nb4 25. e6 Rf8 26.
Nd7 fxe6 27. Nxf8 exf5 28. Rxe7 Bd4+ 29. Kh1 Rxf8 30. Rxc7 c5 31. Bxb4 axb4 32.
Re1 f4 33. Rce7 Be3 34. g3 Bd2 35. R1e4 f3 36. Kg1 f2+ 37. Kf1 Bc3 38. Re8 Bd4
39. Rxf8+ Kxf8 40. Rxd4 cxd4 41. Kxf2 Ke7 42. Ke2 Kd6 43. Kd3 Ke5 44. g4 1-0

[Event "Vaujany Principal"]
[Site "Vaujany"]
[Date "2012.07.20"]
[Round "9.7"]
[White "NGuyen, Chi Minh"]
[Black "Di Nicolantonio, Lucas"]
[Result "1-0"]
[ECO "D45"]
[WhiteElo "2405"]
[BlackElo "2321"]
[PlyCount "81"]
[EventDate "2012.07.07"]
[SourceDate "2012.07.12"]
[WhiteTeamCountry "IND"]
[BlackTeamCountry "URS"]
[TimeControl "240+2"]

{1024MB, Fritz8.ctg} 1. d4 d5 2. c4 c6 3. Nc3 Nf6 4. Nf3 e6 5. e3 Nbd7 6. Qc2 (
6. Bd3 dxc4 7. Bxc4 b5 {entrerait dans la Meran}) 6... Bd6 7. g4 h6 (7... dxc4
8. Bxc4 b5 9. Be2 Bb7) (7... Bb4 8. Bd2 Qe7) (7... Nxg4 8. Rg1) 8. Rg1 e5 9.
cxd5 cxd5 10. Nb5 Bb8 11. g5 hxg5 12. Nxg5 e4 (12... Rxh2 13. Ne6 fxe6 14. Qg6+
Ke7 15. Qxg7+ Ke8 16. Qg6+ $11) 13. Bd2 a6 14. Rc1 Bxh2 15. Nc7+ Bxc7 16. Qxc7
Qxc7 17. Rxc7 Rh6 18. Bb4 Ng8 19. Nh3 Kd8 20. Rc2 g6 21. Ng5 Ke8 22. Rc7 Ngf6
23. Be2 Nh7 24. Bd6 Nxg5 25. Rxg5 f5 26. Rg2 Kf7 27. Bf4 Rh8 28. Kd2 Kf6 29.
Bd1 Rg8 30. Bb3 Ke6 31. Rh2 Nf6 32. Be5 Nd7 33. Rh7 Nxe5 34. Rce7+ Kd6 35.
dxe5+ Kc6 36. Kc3 Rd8 37. Kd4 a5 38. a4 Rb8 39. Rhg7 Kb6 40. Rxg6+ Ka7 41. e6
1-0

[Event "Vaujany Principal"]
[Site "Vaujany"]
[Date "2012.07.20"]
[Round "9.8"]
[White "Csonka, Balazs"]
[Black "Stets, Dmitry"]
[Result "1/2-1/2"]
[ECO "E97"]
[WhiteElo "2306"]
[BlackElo "2426"]
[PlyCount "113"]
[EventDate "2012.07.07"]
[SourceDate "2012.07.12"]
[WhiteTeamCountry "IND"]
[BlackTeamCountry "URS"]
[TimeControl "240+2"]

{1024MB, Fritz8.ctg} 1. d4 Nf6 2. c4 g6 3. Nc3 Bg7 4. e4 O-O 5. Nf3 d6 6. Be2
e5 7. O-O Nc6 8. d5 Ne7 9. b4 Nh5 10. g3 f5 11. Ng5 Nf6 12. Bf3 a5 13. bxa5
Rxa5 14. Qb3 Kh8 15. Bg2 b6 16. Bd2 Ra6 17. a4 fxe4 18. Ncxe4 Nf5 19. Nxf6 Bxf6
20. Ne4 Nd4 21. Qd3 Bg7 22. a5 Bd7 23. Bc3 Qc8 24. f4 bxa5 25. fxe5 dxe5 26.
Nc5 Rxf1+ 27. Rxf1 Bf5 28. Be4 Rf6 29. Bxf5 Rxf5 30. Bxd4 Rxf1+ 31. Qxf1 exd4
32. Ne6 Qd7 33. Qa1 a4 34. Nxg7 Qxg7 35. Qxa4 Qe5 36. Qa3 Qe1+ 37. Kg2 Qe2+ 38.
Kg1 Kg7 39. d6 Qe1+ 40. Kg2 Qe2+ 41. Kg1 Qd1+ 42. Kg2 cxd6 43. Qxd6 Qe2+ 44.
Kg1 Qxc4 45. Qd7+ Kf6 46. Qxh7 d3 47. Qh8+ Kf5 48. Qf8+ Kg4 49. Qf2 Qe4 50. Qd2
Qf3 51. Qb4+ Kf5 52. Qe1 g5 53. h4 Qe4 54. Qd2 Qd4+ 55. Kf1 gxh4 56. gxh4 Ke4
57. Qg2+ 1/2-1/2

[Event "Vaujany Principal"]
[Site "Vaujany"]
[Date "2012.07.20"]
[Round "9.9"]
[White "Meng, Roger"]
[Black "Torma, Robert"]
[Result "1-0"]
[ECO "A80"]
[WhiteElo "2272"]
[BlackElo "2424"]
[PlyCount "75"]
[EventDate "2012.07.07"]
[SourceDate "2012.07.12"]
[WhiteTeamCountry "IND"]
[BlackTeamCountry "URS"]
[TimeControl "240+2"]

{1024MB, Fritz8.ctg} 1. d4 f5 2. Bg5 g6 3. Nc3 Bg7 4. h4 Nh6 5. Qd2 Nf7 6.
O-O-O h6 7. Bf4 d6 8. e4 e6 9. Nf3 Qf6 10. Bc4 O-O 11. Rhe1 a6 12. e5 dxe5 13.
Nxe5 Kh7 14. d5 Nd6 15. dxe6 Bxe6 16. Bxe6 Qxe6 17. Qd5 Qf6 18. Nf3 Nc6 19.
Bxd6 cxd6 20. Qxd6 Qxd6 21. Rxd6 Bxc3 22. bxc3 Rad8 23. Red1 Rxd6 24. Rxd6 Rf7
25. Kd2 Kg7 26. Kd3 Rc7 27. a3 Re7 28. c4 Rc7 29. c5 Re7 30. Nd4 Ne5+ 31. Kc3
Ng4 32. f3 Ne3 33. g3 Nf1 34. h5 Re3+ 35. Kb4 a5+ 36. Kxa5 Rxa3+ 37. Kb5 Ra1
38. Rxg6+ 1-0

[Event "Vaujany Principal"]
[Site "Vaujany"]
[Date "2012.07.20"]
[Round "9.10"]
[White "Kormos, Adam"]
[Black "Kurayan, Ruslan"]
[Result "1/2-1/2"]
[ECO "B72"]
[WhiteElo "2193"]
[BlackElo "2318"]
[PlyCount "107"]
[EventDate "2012.07.07"]
[SourceDate "2012.07.12"]
[WhiteTeamCountry "IND"]
[BlackTeamCountry "URS"]
[TimeControl "240+2"]

{1024MB, Fritz8.ctg} 1. e4 c5 2. Nf3 d6 3. d4 cxd4 4. Nxd4 Nf6 5. Nc3 g6 6. Be3
Bg7 7. h3 O-O 8. Bc4 Nc6 9. O-O (9. Bb3) 9... Nxe4 10. Bxf7+ (10. Nxe4 d5 11.
Nxc6 bxc6 12. Bd3 dxe4 13. Bxe4) 10... Kxf7 11. Nxe4 Nxd4 12. Bxd4 e5 13. Be3
d5 14. Bg5 Qd7 15. Nc3 d4 16. Ne4 Kg8 17. Re1 Qc6 18. f3 Be6 19. Qd2 Rac8 20.
Rac1 Qa6 21. Bh6 Bf5 22. Bxg7 Kxg7 23. f4 Qb6 24. fxe5 d3+ 25. Kh1 Bxe4 26.
Rxe4 Qxb2 27. Rb4 Qxc2 28. Rxb7+ Kg8 29. Rxc2 dxc2 30. Qc1 Rf1+ 31. Qxf1 c1=Q
32. Qxc1 Rxc1+ 33. Kh2 Re1 34. Rb5 Kf7 35. Ra5 Ke6 36. Ra6+ Kxe5 37. Rxa7 Ra1
38. Ra6 Kf4 39. Ra5 Rc1 40. Ra3 Ra1 41. Rf3+ Kg5 42. Rg3+ Kf5 43. a3 Kf6 44. h4
Kf5 45. Rb3 Kg4 46. Rb4+ Kh5 47. Kh3 Rh1+ 48. Kg3 Ra1 49. Kh2 Rc1 50. g3 Rd1
51. Kg2 Ra1 52. Kf3 Rxa3+ 53. Kg2 Ra1 54. Kh2 1/2-1/2

[Event "Vaujany Principal"]
[Site "Vaujany"]
[Date "2012.07.20"]
[Round "9.11"]
[White "Delorme, Laurie"]
[Black "Gozzoli, Yannick"]
[Result "0-1"]
[ECO "D78"]
[WhiteElo "2171"]
[BlackElo "2547"]
[PlyCount "46"]
[EventDate "2012.07.07"]
[SourceDate "2012.07.12"]
[WhiteTeamCountry "IND"]
[BlackTeamCountry "URS"]
[TimeControl "240+2"]

{1024MB, Fritz8.ctg} 1. d4 Nf6 2. c4 g6 3. Nf3 Bg7 4. Nc3 d5 5. g3 O-O 6. Bg2
dxc4 7. O-O (7. Ne5 c5) 7... c6 8. e4 Bg4 9. Be3 Nbd7 10. a4 e5 11. dxe5 Bxf3
12. Bxf3 Nxe5 13. Bg2 Qxd1 14. Rfxd1 Nd3 15. Rd2 Ng4 16. Nd1 Nxe3 17. Nxe3 Nxb2
18. Rb1 c3 19. Rd7 Rab8 20. a5 Rfd8 21. Bh3 Rxd7 22. Bxd7 Rd8 23. Bg4 Rd4 0-1

[Event "Vaujany Principal"]
[Site "Vaujany"]
[Date "2012.07.20"]
[Round "9.12"]
[White "Adam, Gyorgy Jr"]
[Black "Milchev, Nikolay"]
[Result "0-1"]
[ECO "B06"]
[WhiteElo "2140"]
[BlackElo "2421"]
[PlyCount "58"]
[EventDate "2012.07.07"]
[SourceDate "2012.07.12"]
[WhiteTeamCountry "IND"]
[BlackTeamCountry "URS"]
[TimeControl "240+2"]

{1024MB, Fritz8.ctg} 1. e4 g6 2. d4 Bg7 3. Nf3 d6 4. Nc3 a6 5. Be3 b5 6. Qd2 h6
7. Bd3 Nd7 8. O-O-O Bb7 9. h4 e6 10. h5 g5 11. Kb1 b4 12. Ne2 a5 13. Ng3 d5 14.
e5 c5 15. dxc5 Ne7 16. Bb5 Bc6 17. Qe2 Qb8 18. Nd4 Bxb5 19. Nxb5 Qxe5 20. c3
O-O 21. Qc2 Qb8 22. c4 a4 23. Qd2 Ne5 24. Nd6 Nxc4 25. Nxc4 dxc4 26. Ne4 c3 27.
Qd6 c2+ 28. Kxc2 b3+ 29. Kd2 Rd8 0-1

[Event "Vaujany Principal"]
[Site "Vaujany"]
[Date "2012.07.20"]
[Round "9.13"]
[White "Philippe, Christophe"]
[Black "Valles, Manuel"]
[Result "1/2-1/2"]
[ECO "B35"]
[WhiteElo "2403"]
[BlackElo "2248"]
[PlyCount "148"]
[EventDate "2012.07.07"]
[SourceDate "2012.07.12"]
[WhiteTeamCountry "IND"]
[BlackTeamCountry "URS"]
[TimeControl "240+2"]

{1024MB, Fritz8.ctg} 1. e4 c5 2. Nf3 Nc6 3. d4 cxd4 4. Nxd4 g6 5. Nc3 Bg7 6.
Be3 Nf6 7. Bc4 O-O 8. Bb3 Qa5 9. O-O d6 10. h3 Bd7 11. Re1 Rac8 12. Nd5 Rfe8 (
12... Nxe4 $2 13. Nxc6 Bxc6 14. Nxe7+) 13. Nxf6+ exf6 14. Nf3 Rxe4 15. Qxd6 Bf5
16. Rad1 Rd8 17. Qc5 Qxc5 18. Bxc5 Rxe1+ 19. Rxe1 b6 20. Be3 Be6 21. c3 Na5 22.
Nd4 Nxb3 23. axb3 f5 24. Bg5 Rxd4 25. cxd4 Bxd4 26. Bh6 Bxb2 27. b4 Bg7 28.
Bxg7 Kxg7 29. f4 a5 30. bxa5 bxa5 31. Ra1 h5 32. g3 Bb3 33. Rxa5 Bc2 34. Rb5
Bd3 35. Rb4 Kf6 36. Kf2 Kg7 37. Ke3 Bf1 38. h4 Ba6 39. Kd4 Bc8 40. Rb6 Be6 41.
Rb2 Bd7 42. Kd5 Be8 43. Rb6 Bd7 44. Ke5 Bc8 45. Rd6 Bb7 46. Rd8 Bf3 47. Kd6 Be2
48. Rc8 Bf3 49. Rc5 Bd1 50. Rc3 Be2 51. Ke7 Bd1 52. Ra3 Be2 53. Ra4 Bf3 54. Rd4
Be2 55. Rb4 Bd1 56. Ke8 Be2 57. Rd4 Bb5+ 58. Ke7 Be2 59. Rb4 Bd1 60. Rb6 Be2
61. Rd6 Bf3 62. Rd2 Bg4 63. Ke8 Bf3 64. Rd6 Be2 65. Ke7 Bf3 66. Rd8 Be2 67. Rc8
Bf3 68. Rc5 Be2 69. Ke8 Bd1 70. Rc3 Ba4+ 71. Ke7 Bd1 72. Ra3 Be2 73. Kd8 Bd1
74. Ke8 Be2 1/2-1/2